 Dungeon Crawl Stone Soup version 0.31-a0-1074-g0b22e4e0f1 (webtiles) character file.

Game seed: 597308801321304707

53 grandjackal the Ducker (level 3, -2/28 HPs)
             Began as a Demonspawn Gladiator on Nov 29, 2023.
             Slain by a kobold
             ... wielding a +2 short sword of venom
              (4 damage)
             ... on level 2 of the Dungeon.
             The game lasted 00:01:35 (1236 turns).

grandjackal the Ducker (Demonspawn Gladiator)       Turns: 1236, Time: 00:01:35

Health: -2/28      AC:  5    Str: 16    XL:     3   Next: 62%
Magic:  3/3        EV: 12    Int:  9    God:
Gold:   67         SH:  0    Dex: 14    Spells: 2/2 levels left

rFire   . .          .
                       - Unarmed
rCold   + . .        (no shield)
rNeg    . . .        b - +0 leather armour
rPois   .            l - +1 helmet
rElec   .            (no cloak)
rCorr   .            (no gloves)
SInv    .            (no boots)
Will    .....        (no amulet)
Stlth   +            h - ring of protection from cold
HPRegen 0.24/turn    (no ring)
MPRegen 0.08/turn

%: no passive effects
@: lethally poisoned (-2 -> -32)
A: claws 2
a: no special abilities


You were on level 2 of the Dungeon.
You visited 1 branch of the dungeon, and saw 2 of its levels.

You collected 67 gold pieces.

Inventory:

Hand Weapons
 k - a +2 dagger of freezing
Missiles
 d - 3 throwing nets (quivered)
 e - a javelin
Armour
 b - a +0 leather armour (worn)
 l - a +1 helmet (worn)
Jewellery
 h - a ring of protection from cold (left claw)
Scrolls
 a - 2 scrolls of teleportation {unknown}
 i - 3 scrolls of identify {unknown}
 m - a scroll of amnesia {unknown}
 n - a scroll of vulnerability {unknown}
Potions
 f - 2 potions of degeneration {unknown}
 g - a potion of lignification {unknown}
 j - a potion of attraction {unknown}
 o - 3 potions of curing {unknown}


   Skills:
 + Level 2.7 Fighting
 - Level 2.8 Long Blades
 - Level 2.0 Throwing
 - Level 2.8 Dodging
 * Level 1.9 Unarmed Combat


You had 2 spell levels left.
You didn't know any spells.
Your spell library contained the following spells:

 Spells                   Type           Power      Damage    Failure   Level
 Wereblood                Tmut           0%         N/A       58%         2
 Irradiate                Conj/Tmut      0%         3d11      100%        5


Dungeon Overview and Level Annotations

Branches:
Dungeon (2/15)

Altars:


Innate Abilities, Weirdness & Mutations

You have very sharp fingernails.


Message History

The adder is severely wounded.
The adder closely misses you. x2
You scratch the adder.
The adder is almost dead.
The adder barely misses you.
You miss the adder.
The adder is almost dead.
The adder bites you.
You scratch the adder but do no damage.
The adder is almost dead.
The adder misses you.
You scratch the adder.
You kill the adder!
No target in view!
HP restored.
A kobold comes into view.
It is wielding a +2 short sword of venom.
The kobold shouts!
A kobold is nearby!
The kobold hits you but does no damage.
You are poisoned.
You barely miss the kobold.
You feel sick.
The kobold hits you with a +2 short sword of venom.
You are more poisoned.
You scratch the kobold.
The kobold is severely wounded.
You feel very sick.
The kobold hits you with a +2 short sword of venom.
You are lethally poisoned!
You miss the kobold.
The kobold is severely wounded.
You feel very sick.
The kobold hits you with a +2 short sword of venom.
You are more poisoned.
You are too injured to fight recklessly!
You closely miss the kobold.
The kobold is severely wounded.
* * * LOW HITPOINT WARNING * * *
You feel extremely sick.
The kobold hits you with a +2 short sword of venom.
You die...

#.# #.# #.# #.##
########.#############...
.........†..............#
####....#############...
#....# #... #.#.## ####
#>...# #... ####@# #.##
#K# #.# #.# #.# #.# #.#
#.#


You could see a kobold.

Vanquished Creatures
  2 adders (D:2)
  2 dart slugs
  2 endoplasms
  3 giant cockroaches
  3 goblins
  A hobgoblin (D:1)
  A quokka (D:1)
  5 ball pythons
  2 bats (D:2)
  2 frilled lizards (D:1)
  3 kobolds (D:1)
  5 rats
31 creatures vanquished.

Notes
Turn   | Place    | Note
-------+----------+-------------------------------------------
     0 | D:1      | grandjackal the Demonspawn Gladiator began the quest for
                  | the Orb.
     0 | D:1      | Reached XP level 1. HP: 16/16 MP: 1/1
   103 | D:1      | Gained mutation: You have sharp fingernails. [demonic
                  | ancestry]
   103 | D:1      | Reached XP level 2. HP: 22/22 MP: 2/2
   456 | D:1      | Reached skill level 1 in Unarmed Combat
   671 | D:2      | Gained mutation: You have very sharp fingernails. [demonic
                  | ancestry]
   671 | D:2      | Reached XP level 3. HP: 25/28 MP: 3/3
  1236 | D:2      | Slain by a kobold

Illustrated notes

Levels and vault maps discovered:
D:1:      lightli_arrival_boilingwater, layout_basic
D:2:      minmay_diamond_boxcup, layout_basic

Skill      XL: |  1  2 |
---------------+-------+-----
Throwing       | 2 |  2.0
Unarmed Combat | 1 |  1.9
Fighting       | |  2.7
Long Blades    | |  2.8
Dodging        | |  2.8

Action                     || total
---------------------------++-------
  Melee: Long sword        ||    47
         Scimitar          ||    21
         Unarmed           ||    27
         Punch             ||     1
 Armour: Leather armour    ||    52
  Dodge: Dodged            ||    77

Table legend: (Time is in decaauts)
 A = Elapsed time spent in this place.
 B = Non-inter-level travel time spent in this place.
 C = Inter-level travel time spent in this place.
 D = Time resting spent in this place.
 E = Time spent auto-exploring this place.
 F = Levels seen in this place.
 G = Mean time per level.
                   A        B        C        D        E       F      G
               +--------+--------+--------+--------+--------+-----+--------+
         Total |   1252 |   1235 |     17 |    172 |    826 |   2 |  626.0 |
       Dungeon |   1252 |   1235 |     17 |    172 |    826 |   2 |  626.0 |
               +--------+--------+--------+--------+--------+-----+--------+

Top non-repeatable levels by time:
     D:1: 655 daAuts
     D:2: 597 daAuts
